 Dungeon Crawl Stone Soup version 0.26.0-11-g8f856b5395 (webtiles) character file.

Game seed: 9856108089905176151

182 Froggeryz the Ruffian (level 5, 0/45 HPs)
             Began as a Ghoul Delver on Jan 15, 2021.
             Slain by Grinder (8 damage)
             ... on level 5 of the Dungeon.
             The game lasted 00:01:40 (920 turns).

Froggeryz the Ruffian (Ghoul Delver)                 Turns: 920, Time: 00:01:40

Health: 0/45       AC:  3    Str: 17    XL:     5   Next: 62%
Magic:  1/1        EV: 11    Int:  5    God:
Gold:   0          SH:  0    Dex: 10    Spells: 4/4 levels left

rFire    + . .     SeeInvis .   d - +7 spear of Chance {antimagic, rPois rF+}
rCold    + . .     Faith    .   (no shield)
rNeg     + + +     Spirit   .   a - +0 leather armour
rPois    ∞         Reflect  .   (no helmet)
rElec    .         Harm     .   (no cloak)
rCorr    .         Rampage  .   (no gloves)
Will     .....                  (no boots)
Stlth    +++.......             (no amulet)
HPRegen  0.00/turn              (no ring)
MPRegen  0.07/turn              (no ring)

@: no status effects
A: claws 1, cold resistance 1, negative energy resistance 3, inhibited
regeneration, torment resistance, unbreathing
a: no special abilities


You were on level 5 of the Dungeon.
You visited 1 branch of the dungeon, and saw 2 of its levels.

Inventory:

Hand Weapons
 d - the +7 spear of Chance (weapon) {antimagic, rPois rF+}
   (You found it on level 5 of the Dungeon)

   It reduces the magical energy of the wielder, and disrupts the spells and
   magical abilities of those hit.
   Natural abilities and divine invocations are not affected.
   It protects you from fire.
   It protects you from poison.
Armour
 a - a +0 leather armour (worn)
Wands
 f - a wand of digging (3)
Scrolls
 b - a scroll of fog
 c - 2 scrolls of magic mapping
 e - a scroll of identify


   Skills:
 - Level 3.2 Fighting
 - Level 1.7 Dodging
 - Level 5.4 Stealth
 * Level 6.2 Unarmed Combat


You had 4 spell levels left.
You didn't know any spells.
Your spell library was empty.

Dungeon Overview and Level Annotations

Branches:
Dungeon (6/15)             Temple (0/1) D:5

Altars:
Nemelex Xobeh
Wu Jian
Zin

Annotations:
D:5 Dowan, Duvessa, Grinder


Innate Abilities, Weirdness & Mutations

You thrive by killing the living.
You are immune to poison.
You have sharp fingernails.
Your flesh is cold resistant. (rC+)
You are immune to negative energy. (rN+++)
You do not regenerate when monsters are visible.
You are immune to unholy pain and torment.
You can survive without breathing.


Message History

You are too injured to fight recklessly!
You are too injured to fight recklessly!
You are too injured to fight recklessly!
You are too injured to fight recklessly!
You are too injured to fight recklessly!
You are too injured to fight recklessly!
You are too injured to fight recklessly!
You are too injured to fight recklessly!
You are too injured to fight recklessly!
You are too injured to fight recklessly!
You are too injured to fight recklessly!
You are too injured to fight recklessly!
You puncture Grinder!
Grinder's magic leaks into the air.
Grinder is almost dead.
Grinder hits you!
* * * LOW HITPOINT WARNING * * *
You closely miss Grinder.
Grinder is almost dead.
Grinder hits you!
You die...

#....#.##.#........B## #
#.#.#..........#.##...
#.#.##....#..#.#.#..#....>.
#............#.# .....##...
######.##....#.# ..##....##
#######....#..#.###....##...
#.........###.......#(....#.
##.####..##.##..###.#.##.B#.
#.#....##.@5##.............
#.#.#...##.#'..########..##
#.#†#....###..## #.l#
#.#>#.....#..### ######..##
#.#.#.......... ..........
#...#..##..##.#########..##
#.###..###..#.............#
### #.........#########....
#.......#.# #.###


You could see Grinder.

Vanquished Creatures
  A centaur (D:5)
  A bullfrog skeleton (D:5)
  A worker ant (D:5)
  A worker ant zombie (D:5)
  3 gnolls (D:6)
  An ufetubus (D:5)
  A leopard gecko (D:6)
  A quokka skeleton (D:5)
10 creatures vanquished.

Notes
Turn   | Place    | Note
-------+----------+-------------------------------------------
     0 | D:5      | Froggeryz the Ghoul Delver began the quest for the Orb.
     0 | D:5      | Reached XP level 1. HP: 19/19 MP: 0/0
    35 | D:5      | Reached skill level 3 in Unarmed Combat
    35 | D:5      | Reached XP level 2. HP: 22/26 MP: 1/1
    95 | D:5      | Reached skill level 4 in Unarmed Combat
    95 | D:5      | Reached XP level 3. HP: 14/31 MP: 2/2
   272 | D:5      | Noticed Duvessa
   272 | D:5      | Noticed Dowan
   279 | D:5      | Found a sparkling altar of Nemelex Xobeh.
   311 | D:5      | Noticed a phantom
   313 | D:5      | Found an ornate altar of the Wu Jian Council.
   315 | D:5      | Found a glowing silver altar of Zin.
   315 | D:5      | Noticed a centaur
   324 | D:5      | Killed a centaur
   325 | D:5      | Reached skill level 5 in Unarmed Combat
   325 | D:5      | Reached XP level 4. HP: 12/38 MP: 3/3
   325 | D:5      | Reached XP level 5. HP: 15/45 MP: 4/4
   351 | D:5      | Found a staircase to the Ecumenical Temple.
   369 | D:5      | Got a brightly glowing spear
   632 | D:6      | Identified the +7 spear of Chance {antimagic, rPois rF+}
                  | (You found it on level 5 of the Dungeon)
   791 | D:5      | Reached skill level 6 in Unarmed Combat
   903 | D:5      | Noticed Grinder
   920 | D:5      | Slain by Grinder

Illustrated notes

Levels and vault maps discovered:
D:5:      layout_basic, okawaru_altar_gauntlet_db, kennysheep_mini,
          grunt_temple_overflow_open, minmay_temple_entry_ruins,
          gammafunk_ghost_smash, enter_ossuary_5, uniq_duvessa, uniq_grinder
D:6:      layout_loops_corners, minivault_26, minivault_4

Skill      XL: |  1  2  3  4  5 |
---------------+----------------+-----
Unarmed Combat | 3 4 5 6 |  6.2
Fighting       | |  3.2
Dodging        | |  1.7
Stealth        | |  5.4

Action                   |  1- 3 |  4- 6 || total
-------------------------+-------+-------++-------
Melee: Unarmed           |    26 |     5 ||    31
       Spear             |       |    31 ||    31
  Use: Scroll            |     1 |     1 ||     2
       Potion            |     1 |       ||     1
 Stab: Sleeping          |     1 |     1 ||     2
Armor: Leather armour    |     2 |     3 ||     5
Dodge: Dodged            |    13 |    22 ||    35
